 Dungeon Crawl Stone Soup version 0.16.0-11-gd45b091 (webtiles) character file.

108 Ladykiller69 the Chucker (level 4, 0/45 HPs)
             Began as an Ogre Hunter on Mar 17, 2015.
             Slain by Ijyb
             ... wielding a +0 club
              (2 damage)
             ... on level 2 of the Dungeon.
             The game lasted 00:08:39 (1910 turns).

Ladykiller69 the Chucker (Ogre Hunter)              Turns: 1910, Time: 00:08:39

Health: 0/45       AC:  3    Str: 18    XL:     4   Next: 87%
Magic:  4/4        EV: 10    Int: 10    God:
Gold:   61         SH:  0    Dex: 10    Spells: 0 memorised, 3 levels left

rFire  . . .     SeeInvis .     j - +0 club
rCold  . . .     Clarity  .     d - +0 animal skin
rNeg   . . .     SustAb   .     (shield restricted)
rPois  .         Gourm    .     (helmet restricted)
rElec  .         Spirit   .     (no cloak)
rCorr  .         Warding  .     (gloves unavailable)
rMut   .         Stasis   .     (boots unavailable)
MR     .....                    k - amulet of rage
Stlth  +.........               (no ring)
                                (no ring)

@: lethally poisoned (0 -> -1), not resistant to hostile enchantments, very
unstealthy
A: unfitting armour, tough skin 1
a: Evoke Berserk Rage


You were on level 2 of the Dungeon.
You were hungry.

You visited 1 branch of the dungeon, and saw 3 of its levels.

You collected 61 gold pieces.

Inventory:

Hand weapons
 a - a +0 short sword
 j - a +0 club (weapon)
Missiles
 c - a throwing net (quivered)
 l - 3 needles of confusion
Armour
 d - a +0 animal skin (worn)
Jewellery
 k - an amulet of rage (around neck)
 s - a +2 ring of intelligence {unknown}
Scrolls
 e - 7 scrolls of identify {unknown}
 h - 2 scrolls of remove curse {unknown}
 m - a scroll of enchant weapon {unknown}
 p - a scroll of teleportation {unknown}
 r - a scroll of immolation {unknown}
 t - a scroll of amnesia {unknown}
Potions
 g - a potion of resistance {unknown}
 i - 2 potions of haste {unknown}
 o - 2 potions of curing {unknown}
 q - a potion of heal wounds {unknown}
Comestibles
 f - a meat ration
 u - 2 bread rations
 v - a beef jerky


   Skills:
 - Level 3.0 Fighting
 * Level 4.4 Maces & Flails
 - Level 5.0 Throwing
 - Level 2.0 Dodging
 - Level 1.0 Stealth


You had 3 spell levels left.
You didn't know any spells.

Dungeon Overview and Level Annotations

Branches:
Dungeon (3/15)

Altars:

Annotations:
D:2 Ijyb
D:3 Sigmund


Innate Abilities, Weirdness & Mutations

You are too large for most types of armour.
You have tough skin (AC +1).


Message History

The adder poisons you!
You feel sick. Ijyb barely misses you.
You hit the kobold but do no damage. The adder bites you.
* * * LOW HITPOINT WARNING * * *
Ijyb hits you but does no damage. The kobold barely misses you.
The adder bites you but does no damage.
You feel sick. The kobold hits you but does no damage.
Ijyb hits you but does no damage. The kobold closely misses you.
You feel sick. The adder misses you. The adder bites you but does no damage.
The kobold hits you.
* * * LOW HITPOINT WARNING * * *
The adder bites you but does no damage.
You feel sick. The adder bites you but does no damage.
The kobold barely misses you. The kobold closely misses you.
Ijyb barely misses you. The adder bites you.
* * * LOW HITPOINT WARNING * * *
The kobold barely misses you. Ijyb hits you with a club.
You die...

#....K.....# ##
#.....<<...# #.
#..........# #.
#........g.####.
#####.#...###...
#.##.(......
#.#......#..
#########...##......
#.S@....(.(# #.%....
#.Kg...##.####..[#..
#....#......##...#.#
#########(#......#.#
#.##.....#..
......(.#.##....
####S#.........
.....#.##....
..........(....


You could see Ijyb, an adder and a kobold.

Vanquished Creatures
  Jessica (D:2)
  4 adders
  A worm (D:2)
  A giant gecko (D:2)
  An ooze (D:1)
  2 orcs (D:3)
  7 bats
  3 giant cockroaches
  3 goblins
  4 hobgoblins
  2 jackals (D:1)
  A quokka (D:3)
  A ball python (D:2)
  2 giant newts (D:1)
  4 kobolds
  9 rats
46 creatures vanquished.

Notes
Turn   | Place    | Note
--------------------------------------------------------------
     0 | D:1      | Ladykiller69, the Ogre Hunter, began the quest for the Orb.
     0 | D:1      | Reached XP level 1. HP: 22/22 MP: 1/1
    32 | D:1      | Reached skill level 1 in Stealth
   236 | D:1      | Reached XP level 2. HP: 21/29 MP: 2/2
   343 | D:1      | Reached skill level 1 in Maces & Flails
   566 | D:2      | Noticed Jessica
   566 | D:2      | Noticed Sigmund
   594 | D:2      | Noticed Ijyb
   639 | D:2      | Reached XP level 3. HP: 29/37 MP: 3/3
  1243 | D:3      | Reached XP level 4. HP: 13/45 MP: 4/4
  1471 | D:2      | Killed Jessica
  1471 | D:2      | Reached skill level 5 in Throwing
  1909 | D:2      | HP: 2/45 [adder (2)]
  1910 | D:2      | Slain by Ijyb

Action                   |  1- 3 |  4- 6 || total
-------------------------+-------+-------++-------
Melee: Short sword       |    31 |       ||    31
       Club              |   115 |    87 ||   202
Throw: Large rock        |       |     5 ||     5
       Throwing net      |       |     1 ||     1
  Eat: Chunk             |     1 |     2 ||     3
